 Dungeon Crawl Stone Soup version 0.31-a0-986-g5e6e4ef867 (webtiles) character file.

Game seed: 17391482904085250765

4124 gelatine the Cleaver (level 10, 0/76 HPs)
             Began as a Demonspawn Fighter on Nov 20, 2023.
             Slain by a large slime creature (33 damage)
             ... on level 6 of the Dungeon.
             The game lasted 00:19:31 (7230 turns).

gelatine the Cleaver (Demonspawn Fighter)           Turns: 7230, Time: 00:19:31

Health: 0/76       AC: 16    Str: 20    XL:     10   Next: 6%
Magic:  13/13      EV: 12    Int: 17    God:
Gold:   220        SH: 10    Dex: 12    Spells: 13/13 levels left

rFire   . . .        I - +0 broad axe (flame)
rCold   . . .        c - +0 buckler
rNeg    . . .        x - +2 steam dragon scales
rPois   +            (no helmet)
rElec   .            J - +0 cloak
rCorr   .            l - +0 pair of gloves
SInv    .            G - +0 pair of boots
Will    .....        j - amulet of reflection
Stlth   ++           g - +6 ring of intelligence
HPRegen 0.32/turn    (no ring)
MPRegen 0.26/turn

%: reflection
@: studying Short Blades
A: slimy green scales 3, ignite blood 1, magic regeneration, demonic touch 2
a: no special abilities


You were on level 6 of the Dungeon.
You visited 2 branches of the dungeon, and saw 9 of its levels.

You collected 468 gold pieces.
You spent 248 gold pieces at shops.

Inventory:

Hand Weapons
 a - a +0 war axe
 I - a +0 broad axe of flaming (weapon)
Missiles
 e - 8 boomerangs
 p - 2 silver javelins
Armour
 c - a +0 buckler (worn)
 k - the +1 ring mail of Unreason {rC+}
   (You found it on level 7 of the Dungeon)

   rC+:       It protects you from cold.
 l - a +0 pair of gloves (worn)
 q - +0 fire dragon scales
 x - +2 steam dragon scales (worn)
 G - a +0 pair of boots (worn)
 H - a +0 ring mail of cold resistance
 J - a +0 cloak (worn)
Magical Staves
 r - a staff of cold
 K - a staff of air
Jewellery
 g - a +6 ring of intelligence (left hand)
 j - an amulet of reflection (around neck)
Wands
 y - a wand of flame (21) (quivered)
 F - a wand of light (18)
Scrolls
 h - 2 scrolls of poison
 s - a scroll of enchant weapon {unknown}
 t - a scroll of enchant armour {unknown}
 u - 2 scrolls of teleportation {unknown}
 v - a scroll of noise {unknown}
 A - 2 scrolls of immolation {unknown}
 D - a scroll of blinking {unknown}
 E - 2 scrolls of vulnerability {unknown}
Potions
 b - a potion of lignification
 d - 3 potions of might
 i - a potion of cancellation
 o - a potion of ambrosia
 w - 3 potions of curing
 z - a potion of heal wounds
 B - a potion of attraction
 C - 2 potions of invisibility {unknown}


   Skills:
 * Level 5.7 Fighting
 * Level 8.7 Axes
 * Level 2.1 Throwing
 * Level 5.6 Armour
 * Level 3.8 Dodging
 * Level 2.1 Stealth
 * Level 5.5 Shields
 * Level 2.1 Spellcasting
 * Level 2.1 Evocations


You had 13 spell levels left.
You didn't know any spells.
Your spell library contained the following spells:

 Spells                   Type           Power      Damage    Failure   Level
 Slow                     Hex            4%         N/A       22%         1
 Confusing Touch          Hex            1%         N/A       56%         3
 Sigil of Binding         Hex            1%         N/A       56%         3
 Vampiric Draining        Necr           1%         2d6       56%         3
 Volatile Blastmotes      Fire/Tloc      2%         2d10      56%         3
 Cause Fear               Hex            0%         N/A       92%         4
 Fulminant Prism          Conj/Hex       0%         3d5       92%         4
 Iskenderun's Mystic Bla  Conj/Tloc      1%         2d3       92%         4
 Fireball                 Conj/Fire      0%         3d3       99%         5
 Dragon's Call            Summ           0%         N/A       100%        9


Dungeon Overview and Level Annotations

Branches:
Dungeon (8/15)             Temple (1/1) D:4
   Lair: D:8-11

Altars:
Cheibriados
Dithmenos
Fedhas
Gozag
Hepliaklqana
Kikubaaqudgha
Makhleb
Okawaru
Qazlal
Ru
Sif Muna
Trog
Uskayaw
Vehumet
Xom

Shops:
D:5 =(=(!   D:7 (

Annotations:
D:5 2 runed translucent doors, kd29's ghost, amateur DsSh


Innate Abilities, Weirdness & Mutations

You are completely covered in slimy green scales. (AC +4, rPois)
Your demonic aura sometimes causes spilled blood to erupt in flames.
You regenerate magic rapidly.
Your touch may inflict irresistible damage on your foes.


Message History

The large slime creature hits you!!
The slime creature is engulfed in blazing flames.
The large slime creature is engulfed in blazing flames.
The slime creature attacks as it pursues you!
The slime creature hits you but does no damage.
The slime creature attacks as it pursues you!
You block the slime creature's attack.
The large slime creature attacks as it pursues you!
The large slime creature closely misses you.
You see here a +0 long sword.
The large slime creature attacks as it pursues you!
The large slime creature hits you!
There is a stone staircase leading up, spattered with blood here.
The large slime creature closely misses you.
The slime creature hits you.
You climb upwards.
There is a stone staircase leading down, spattered with blood here.
As you read the scroll labelled LOIMMU OWNIPE, it dissolves into smoke.
It was a scroll of fog.
A large slime creature splits.
The slime creature hits you but does no damage.
As you read the scroll labelled VOG DEOWIU, it crumbles to dust.
It is a scroll of amnesia.
You feel forgetful for a moment. The slime creature misses you.
The slime creature closely misses you.
The slime creature hits you but does no damage.
As you read the scroll labelled XAONUMM VETULE, it crumbles to dust.
You assume a fearsome visage.
The slime creature looks frightened! x3
It was a scroll of fear.
Okay, then.
The slime creature seems to regain its courage.
The slime creature seems to regain its courage.
There is an open door here.
There is an escape hatch in the ceiling here.
You block the slime creature's attack.
Two slime creatures merge to form a large slime creature.
A mysterious force pulls you upwards. The hatch slams shut behind you.
You hit the large slime creature but do no damage.
You barely miss the large slime creature.
The large slime creature hits you!!
You die...

#.##.............#.########....
###.##.######(####.#.# #.###
........# #.# #.#.## #.#
###.##..# #.# #.#..# #.#
#.##..# ##.####.##.#######.#
#.##..####..................#
#........#.#####.##.#########
####...#.#.#####.##.#
#..........@J....#
#........(....####
###############


You could see a large slime creature.

Vanquished Creatures
  A cyclops (D:7)
  Joseph (D:7)
  Maggie (D:8)
  Grinder (D:6)
  A slime creature (D:7)
  4 yaks
  Menkaure (D:5)
  An acid dragon (D:5)
  3 water moccasins
  A black bear (D:8)
  A sky beast (D:4)
  A centaur (D:5)
  A phantom (D:6)
  3 bullfrogs
  2 scorpions
  A gnoll sergeant (D:8)
  3 wights (D:7)
  2 howler monkeys
  5 hounds
  2 orc priests
  5 jellies (D:5)
  A sleepcap (D:4)
  An iguana (D:5)
  3 orc wizards
  6 gnolls
  7 adders
  5 river rats (D:5)
  A shadow imp (D:7)
  2 ufetubi (D:7)
  4 worms
  3 dart slugs
  25 orcs
  6 endoplasms
  4 giant cockroaches
  6 goblins
  5 hobgoblins
  5 kobolds
  14 quokkas
  3 ball pythons (D:3)
  3 bats
  6 frilled lizards
  9 rats
160 creatures vanquished.

Notes
Turn   | Place    | Note
-------+----------+-------------------------------------------
     0 | D:1      | gelatine the Demonspawn Fighter began the quest for the
                  | Orb.
     0 | D:1      | Reached XP level 1. HP: 18/18 MP: 1/1
   180 | D:1      | Gained mutation: Your touch may inflict minor irresistible
                  | damage on your foes. [demonic ancestry]
   180 | D:1      | Reached XP level 2. HP: 24/24 MP: 2/2
   512 | D:2      | Reached skill level 2 in Axes
   524 | D:2      | Gained mutation: You are partially covered in slimy green
                  | scales. (AC +2) [demonic ancestry]
   524 | D:2      | Reached XP level 3. HP: 19/29 MP: 3/3
   608 | D:2      | Found a radiant altar of Vehumet.
  1289 | D:3      | Reached skill level 3 in Axes
  1289 | D:3      | Gained mutation: Your touch may inflict irresistible damage
                  | on your foes. [demonic ancestry]
  1289 | D:3      | Reached XP level 4. HP: 35/35 MP: 4/4
  2140 | D:4      | Reached skill level 1 in Dodging
  2140 | D:4      | Reached XP level 5. HP: 39/41 MP: 5/5
  2147 | D:4      | Found a shimmering blue altar of Sif Muna.
  2157 | D:4      | Found an iron altar of Okawaru.
  2307 | D:4      | Found a blossoming altar of Fedhas.
  2365 | D:4      | Reached skill level 4 in Axes
  2466 | D:4      | Gained mutation: Your demonic aura sometimes causes spilled
                  | blood to erupt in flames. [demonic ancestry]
  2466 | D:4      | Reached XP level 6. HP: 48/48 MP: 6/6
  2582 | D:4      | Noticed a sky beast
  2607 | D:4      | Killed a sky beast
  2807 | D:4      | Found a staircase to the Ecumenical Temple.
  2817 | Temple   | Entered the Ecumenical Temple
  3028 | D:4      | Found a hide-covered altar of Uskayaw.
  3113 | D:5      | Entered Level 5 of the Dungeon
  3128 | D:5      | Noticed Menkaure
  3135 | D:5      | Killed Menkaure
  3137 | D:5      | Found a runed translucent door.
  3138 | D:5      | Noticed kd29's ghost (amateur DsSh)
  3221 | D:5      | Found a runed translucent door.
  3227 | D:5      | Gained mutation: You are mostly covered in slimy green
                  | scales. (AC +3) [demonic ancestry]
  3227 | D:5      | Reached XP level 7. HP: 52/54 MP: 7/7
  3245 | D:5      | Found Ageqeuk's Distillery.
  3252 | D:5      | Reached skill level 5 in Axes
  3308 | D:5      | Bought a potion of heal wounds for 60 gold pieces
  3308 | D:5      | Bought a potion of heal wounds for 60 gold pieces
  3372 | D:5      | Found Reiv Kap's Jewellery Boutique.
  3654 | D:5      | Noticed a yak
  3677 | D:5      | Killed a yak
  3883 | D:5      | Reached skill level 6 in Axes
  3883 | D:5      | Gained mutation: You regenerate magic rapidly. [demonic
                  | ancestry]
  3883 | D:5      | Reached XP level 8. HP: 51/61 MP: 8/8
  3940 | D:5      | Found Iskyzov's Antique Weapon Boutique.
  3986 | D:5      | Found Hysosaemm's Jewellery Boutique.
  4017 | D:5      | Found Dip Qon's Antique Weapon Boutique.
  4299 | D:6      | Noticed Grinder
  4314 | D:6      | Paralysed by Grinder for 3 turns
  4320 | D:6      | Paralysed by Grinder for 2 turns
  4324 | D:6      | Killed Grinder
  4440 | D:6      | Identified the +1 spear of the Poles {vamp, *Rage rC- Dex+8
                  | SInv}
  5087 | D:7      | Noticed Joseph
  5114 | D:7      | Killed Joseph
  5115 | D:7      | Reached skill level 5 in Fighting
  5115 | D:7      | Reached skill level 7 in Axes
  5115 | D:7      | Reached skill level 5 in Armour
  5367 | D:7      | Reached XP level 9. HP: 58/68 MP: 9/9
  5429 | D:7      | Found a radiant altar of Vehumet.
  5461 | D:7      | Reached skill level 5 in Shields
  5704 | D:7      | Identified the +1 ring mail of Unreason {rC+}
  5763 | D:6      | Reached skill level 1 in Throwing
  5763 | D:6      | Reached skill level 1 in Stealth
  5774 | D:7      | Reached skill level 1 in Spellcasting
  5774 | D:7      | Reached skill level 1 in Evocations
  5823 | D:7      | Found Zockiyti's Hydra Hut.
  5824 | D:7      | Noticed a seven-headed hydra
  5830 | D:7      | Bought a +0 broad axe of flaming for 128 gold pieces
  5843 | D:7      | Noticed a cyclops
  5847 | D:7      | Killed a cyclops
  5848 | D:7      | Reached skill level 8 in Axes
  6333 | D:8      | Noticed Maggie
  6337 | D:8      | Killed Maggie
  6685 | D:7      | HP: 2/68 [slime creature (13)]
  6694 | D:7      | Gained mutation: You are completely covered in slimy green
                  | scales. (AC +4, rPois) [demonic ancestry]
  6694 | D:7      | Reached XP level 10. HP: 17/75 MP: 13/13
  6971 | D:8      | Found a burning altar of Makhleb.
  7230 | D:6      | Slain by a large slime creature

Illustrated notes

Levels and vault maps discovered:
D:1:      dpeg_arrival_three_smaller_balls, layout_rooms
D:2:      layout_rooms, basic_altar
D:3:      minmay_diamond_boxcup, layout_basic
D:4:      layout_loops_ring, mainiacjoe_overflow_small_starburst,
          okawaru_metal_pillars_1_2, fedhas_altar_3,
          nicolae_overflow_hidden_temple, temple_hall
D:5:      lemuel_ratsnest, layout_loops_ring, ebering_ghost_sewer_f,
          serial_shops, nicolae_lakefront_shop, shop, shop, shop, shop,
          minmay_manual_monstrance, uniq_menkaure
D:6:      layout_loops_ring, grunt_decor_one_mirror, uniq_grinder
D:7:      layout_basic, amcnicky_altar_gilded, doesnt_shop_hydraphobe,
          uniq_joseph
D:8:      layout_basic, kennysheep_little_box, chequers_serial_rivers_marsh,
          uniq_maggie
Temple:   nicolae_temple_godzebo

Skill      XL: |  1  2  3  4  5  6  7  8  9 |
---------------+----------------------------+-----
Shields        | 3 4 5 |  5.5
Axes           | 2 3 4 6 7 8 |  8.7
Armour         | 3 4 5 |  5.6
Dodging        | 1 2 3 |  3.8
Fighting       | 4 5 |  5.7
Throwing       | 2 |  2.1
Stealth        | 2 |  2.1
Spellcasting   | 2 |  2.1
Evocations     | 2 |  2.1

Action                     |  1- 3 |  4- 6 |  7- 9 | 10-12 || total
---------------------------+-------+-------+-------+-------++-------
  Melee: War axe           |    99 |   123 |   272 |       ||   494
         Broad axe         |       |       |    34 |    11 ||    45
  Throw: Javelin           |       |       |     3 |       ||     3
  Evoke: Wand              |       |       |     9 |       ||     9
    Use: Scroll            |       |       |     6 |     4 ||    10
         Potion            |       |       |     2 |       ||     2
 Armour: Scale mail        |    40 |       |       |       ||    40
         Ring mail         |    31 |     5 |       |       ||    36
         Fire dragon scale |       |    94 |   177 |       ||   271
         Steam dragon scal |       |       |    34 |    12 ||    46
  Dodge: Dodged            |    48 |    39 |   128 |     7 ||   222
  Block: Buckler           |    25 |    22 |   170 |     9 ||   226
         Reflection        |       |       |     1 |       ||     1

Table legend: (Time is in decaauts)
 A = Elapsed time spent in this place.
 B = Non-inter-level travel time spent in this place.
 C = Inter-level travel time spent in this place.
 D = Time resting spent in this place.
 E = Time spent auto-exploring this place.
 F = Levels seen in this place.
 G = Mean time per level.
                   A        B        C        D        E       F      G
               +--------+--------+--------+--------+--------+-----+--------+
         Total |   7391 |   6906 |    485 |     10 |   5214 |   9 |  821.2 |
       Dungeon |   7326 |   6841 |    485 |     10 |   5214 |   8 |  915.8 |
        Temple |     64 |     64 |      0 |      0 |      0 |   1 |   64.0 |
               +--------+--------+--------+--------+--------+-----+--------+

Top non-repeatable levels by time:
     D:7: 1570 daAuts
     D:5: 1182 daAuts
     D:4: 1057 daAuts
     D:3: 1031 daAuts
     D:6: 754 daAuts
     D:8: 688 daAuts
     D:1: 521 daAuts
     D:2: 520 daAuts
  Temple: 64 daAuts
